AoeStats
← Mr. Penis

African Clearing

505404022Analyzed
4v4 RM · 22d ago on Sep 9, 2026· 69m 8s· 8 players
Game mode
Random Map
Map size
Large (8 player)
Population
200
Speed
Normal
Resources
Standard
Victory
Conquest
Starting age
Dark Age
Ending age
Imperial Age
RankedLock teamsTeams togetherTeam positionsShared explorationLock speedFull tech treeHidden civsTurbo modeCheats
Victory
Defeat
🇹🇼 Mongols · Taiwan
1205
+21
🇨🇳 Franks · China
1204
+21
🇷🇺 Jurchens · Russia
1189
+22
1184
+22
🇳🇱 Malians · Netherlands
1357
-23
🇻🇳 Spanish · Vietnam
1333
-22
🇨🇳 Mongols · China
1311
-21
🇨🇳 Dravidians · China
1275
-20
Mr. Penis
13:41 Feudal Age
17:45 Castle Age
15:47 Horse Collar
16:19 Double-Bit Axe
17:13 Loom
19:31 Fervor
21:13 Bow Saw
22:16 Wheelbarrow
22:11 Heavy Plow
22:44 Town Watch
24:17 Fletching
25:10 Gold Mining
26:19 Bloodlines
28:53 Husbandry
29:01 Scale Barding Armor
32:06 Bodkin Arrow
32:50 Hand Cart
32:35 Town Patrol
32:53 Hand Cart
33:21 Gold Shaft Mining
32:41 Stone Mining
37:30 Stone Shaft Mining
43:01 Imperial Age
42:32 Siege Engineers
45:02 Conscription
45:18 Hoardings
45:44 Hoardings
47:56 Crop Rotation
48:28 Two-Man Saw
50:08 Elite Iron Pagoda
50:49 Fortified Bastions
54:35 Forging
56:34 Chain Barding Armor
61:11 Guilds
Perdoname por ser Noob
11:24 Loom
13:09 Feudal Age
17:40 Castle Age
15:30 Double-Bit Axe
17:23 Gold Mining
32:19 Wheelbarrow
38:52 Imperial Age
38:46 Elite Skirmisher
42:25 Chemistry
41:47 Fletching
41:58 Padded Archer Armor
44:16 Bow Saw
44:48 Horse Collar
48:19 Imperial Skirmisher
51:29 Two-Man Saw
50:24 Stone Mining
52:06 Ballistics
52:07 Padded Archer Armor
55:12 Bodkin Arrow
57:41 Bracer
66:02 Heavy Plow
67:46 Leather Archer Armor
69:41 Siege Engineers
juju9292
14:09 Loom
17:17 Feudal Age
21:53 Castle Age
21:20 Double-Bit Axe
22:40 Wheelbarrow
22:03 Gold Mining
26:02 Light Cavalry
35:55 Scale Barding Armor
37:34 Gold Shaft Mining
38:56 Chain Barding Armor
46:21 Bow Saw
47:18 Hand Cart
52:02 Town Watch
56:13 Imperial Age
57:10 Cavalier
59:03 Husbandry
67:01 Paladin
Alexander
12:44 Feudal Age
16:53 Castle Age
17:46 Double-Bit Axe
18:38 Bow Saw
18:23 Gold Mining
20:04 Loom
25:05 Bloodlines
25:04 Scale Barding Armor
25:02 Fletching
25:36 Husbandry
26:28 Horse Collar
27:43 Ballistics
27:34 Thumb Ring
28:12 Bodkin Arrow
29:05 Padded Archer Armor
38:48 Imperial Age
37:05 Wheelbarrow
37:29 Masonry
37:09 Light Cavalry
38:05 Leather Archer Armor
39:29 Bracer
42:04 Chemistry
42:14 Scale Barding Armor
42:48 Elite Mangudai
44:06 Hussar
48:57 Chain Barding Armor
49:37 Parthian Tactics
50:02 Conscription
50:12 Forging
52:15 Iron Casting
52:15 Heavy Cavalry Archer
56:13 Blast Furnace
56:24 Hoardings
64:38 Town Watch
65:20 Hand Cart
65:13 Siege Engineers
66:13 Town Patrol
搞就完了
3:26 Loom
13:46 Feudal Age
15:31 Double-Bit Axe
15:58 Horse Collar
18:33 Castle Age
16:55 Fletching
19:01 Padded Archer Armor
24:57 Ballistics
26:47 Bodkin Arrow
29:04 Wheelbarrow
28:41 Bow Saw
28:34 Heavy Plow
29:46 Leather Archer Armor
32:21 Husbandry
32:32 Bloodlines
32:48 Hand Cart
39:09 Imperial Age
36:57 Gold Mining
36:57 Stone Mining
Maze
14:17 Feudal Age
15:29 Double-Bit Axe
15:54 Horse Collar
18:43 Castle Age
18:13 Fletching
20:28 Bow Saw
20:40 Padded Archer Armor
21:52 Heavy Plow
26:39 Ballistics
28:12 Fishing Lines
29:39 Wheelbarrow
29:47 Stone Mining
29:47 Gold Mining
31:39 Husbandry
32:57 Gillnets
33:09 Gold Mining
34:06 Hand Cart
37:34 Imperial Age
35:40 Town Watch
36:13 Bodkin Arrow
36:34 Leather Archer Armor
38:06 Medical Corps
38:40 Conscription
40:00 Two-Man Saw
40:06 Chemistry
39:11 Bracer
39:03 Elite Elephant Archer
39:49 Thumb Ring
40:26 Siege Elephant
44:10 Ring Archer Armor
47:49 Hoardings
49:46 Town Patrol
53:48 Coinage
65:20 Elite Skirmisher
Spartacus
13:02 Loom
14:52 Feudal Age
20:33 Castle Age
21:20 Double-Bit Axe
21:32 Fletching
22:28 Stone Mining
23:52 Horse Collar
29:52 Gold Mining
31:36 Heavy Plow
32:23 Bodkin Arrow
32:36 Padded Archer Armor
35:17 Leather Archer Armor
41:40 Imperial Age
42:24 Wheelbarrow
44:50 Ring Archer Armor
44:56 Conscription
51:39 Elite Conquistador
56:34 Ballistics
56:54 Hand Cart
58:48 Fortified Wall
58:34 Murder Holes
63:27 Caravan
64:49 Husbandry
64:59 Bloodlines
64:10 Light Cavalry
65:02 Scale Barding Armor
65:08 Forging
64:41 Light Cavalry
65:29 Hussar
66:38 Chain Barding Armor
Brandon
5:38 Loom
14:20 Feudal Age
18:02 Castle Age
16:21 Stone Mining
17:17 Double-Bit Axe
17:56 Gold Mining
17:53 Horse Collar
21:53 Squires
22:00 Town Watch
24:26 Forging
24:16 Scale Mail Armor
25:18 Arson
26:47 Bow Saw
27:26 Iron Casting
28:25 Chain Mail Armor
29:43 Fletching
33:23 Gold Shaft Mining
36:28 Heavy Plow
37:07 Stone Shaft Mining
37:26 Wheelbarrow
40:42 Bodkin Arrow
44:10 Imperial Age
48:53 Plate Mail Armor
48:23 Elite Gbeto
51:20 Ballistics
55:02 Conscription
56:54 Farimba
57:25 Hand Cart
57:39 Bloodlines
57:36 Scale Barding Armor
57:33 Heavy Camel Rider
58:14 Husbandry
58:37 Chain Barding Armor
61:58 Plate Barding Armor
64:37 Light Cavalry
Connection lost

Rejoining the realm…

Still unreachable

The connection could not be restored.

Session expired

The server has moved on; the page needs a fresh start.